 Dungeon Crawl Stone Soup version 0.30.1-4-g462c640d31 (webtiles) character file.

Game seed: 12178335391923338738

401 arthad the Trooper (level 6, -4/40 HPs)
             Began as a Gargoyle Fighter on Aug 23, 2023.
             Killed by divine providence
             ... invoked by an orc priest
              (13 damage)
             ... on level 4 of the Dungeon.
             The game lasted 00:03:48 (2204 turns).

arthad the Trooper (Gargoyle Fighter)               Turns: 2204, Time: 00:03:49

Health: -4/40      AC: 14    Str: 21    XL:     6   Next: 85%
Magic:  6/6        EV:  9    Int:  9    God:
Gold:   173        SH:  4    Dex:  9    Spells: 5/5 levels left

rFire   . . .        j - +2 mace (holy)
rCold   . . .        c - +0 buckler
rNeg    + . .        b - +0 scale mail
rPois   ∞            s - +0 helmet
rElec   +            (no cloak)
rCorr   .            (no gloves)
SInv    .            o - +0 pair of boots
Will    .....        (no amulet) Stlth
                     (no ring)
HPRegen 0.26/turn    (no ring)
MPRegen 0.10/turn

%: no passive effects
@: no status effects
A: sickness immunity, AC +4, negative energy resistance 1, electricity
resistance, torment resistance 1, petrification resistance
a: no special abilities


You were on level 4 of the Dungeon.
You visited 1 branch of the dungeon, and saw 4 of its levels.

You collected 173 gold pieces.

Inventory:

Hand Weapons
 a - a +0 flail
 j - a +2 mace of holy wrath (weapon)
Missiles
 h - 4 javelins (quivered)
 m - 4 boomerangs
Armour
 b - a +0 scale mail (worn)
 c - a +0 buckler (worn)
 o - a +0 pair of boots (worn)
 s - a +0 helmet (worn)
 x - the +1 ring mail of the King of Wands {Drain rC+ rN+ Will+}
   (You found it on level 4 of the Dungeon)

   rC:        It protects you from cold.
   rN:        It protects you from negative energy.
   Drain:     It drains your maximum health when unequipped.
   Will:      It increases your willpower.
Scrolls
 e - 3 scrolls of noise {unknown}
 f - a scroll of amnesia {unknown}
 l - 4 scrolls of identify {unknown}
 p - a scroll of summoning {unknown}
 q - a scroll of fog {unknown}
 t - a scroll of silence {unknown}
 u - 3 scrolls of teleportation {unknown}
 v - a scroll of immolation {unknown}
Potions
 d - 2 potions of might
 g - a potion of flight {unknown}
 i - a potion of lignification {unknown}
 n - a potion of heal wounds {unknown}
 r - a potion of cancellation {unknown}
 w - a potion of berserk rage {unknown}


   Skills:
 + Level 5.0 Fighting
 + Level 3.9 Maces & Flails
 + Level 4.9 Armour
 + Level 4.9 Shields


You had 5 spell levels left.
You didn't know any spells.
Your spell library was empty.

Dungeon Overview and Level Annotations

Branches:
Dungeon (4/15)
 Temple: D:4-7

Altars:


Innate Abilities, Weirdness & Mutations

You are immune to sickness and miasma.
Your stone body is resilient. (AC +4)
You are immune to poison.
You resist negative energy. (rN+)
You are resistant to electric shocks. (rElec)
You are resistant to unholy torment.
You are immune to petrification.


Message History

The orc priest calls down the wrath of Beogh upon you.
Beogh smites you! The orc hits you but does no damage.
You block the orc priest's attack.
You see here a +0 short sword.
You hit the orc priest.
The orc priest is moderately wounded.
The orc hits you with a +2 flail of protection!
The orc priest miscasts a cantrip.
You are too injured to fight recklessly!
You are too injured to fight recklessly!
You are too injured to fight recklessly!
You are too injured to fight recklessly!
You are too injured to fight recklessly!
You are too injured to fight recklessly!
You are too injured to fight recklessly!
You are too injured to fight recklessly!
You are too injured to fight recklessly!
You are too injured to fight recklessly!
You are too injured to fight recklessly!
You are too injured to fight recklessly!
You barely miss the orc priest.
The orc priest is moderately wounded.
The orc hits you with a +2 flail of protection.
The orc priest hits you but does no damage.
You barely miss the orc priest.
The orc priest is moderately wounded.
You block the orc priest's attack.
The orc hits you with a +2 flail of protection.
* * * LOW HITPOINT WARNING * * *
You feel better. The orc closely misses you. You block the orc priest's attack.
You hit the orc priest.
The orc priest is heavily wounded.
The orc hits you but does no damage.
The orc priest hits you with a +0 war axe.
* * * LOW HITPOINT WARNING * * *
The orc hits you with a +2 flail of protection.
* * * LOW HITPOINT WARNING * * *
The orc priest invokes the aid of Beogh against you.
Beogh smites you!
You die...

#....)...# ... #....)<>.#
#... #........#####....
#.................
#........####.....
#........# #.....
#........# #..... .###
#)(...(..####..... ...#
##@########..o.....
##..####.oo..>.....##.....
......†..############.....
####(###.##### #.....
#.........#### #....#
##............ ....##
####..#......### ...##
#..........†.# ..#
........##...........


You could see an orc priest and an orc.

Vanquished Creatures
  An ogre (D:3)
  A phantom (D:3)
  An orc priest (D:3)
  A sleepcap (D:4)
  Natasha (twice) (D:3)
  An orc wizard (D:4)
  2 adders (D:4)
  2 worms
  11 orcs
  A ball python (D:4)
  8 endoplasms
  3 giant cockroaches
  9 goblins
  8 hobgoblins
  6 jackals
  5 quokkas
  3 bats (D:1)
  A frilled lizard (D:3)
  3 kobolds
  8 rats
77 creatures vanquished.

Notes
Turn   | Place    | Note
-------+----------+-------------------------------------------
     0 | D:1      | arthad the Gargoyle Fighter began the quest for the Orb.
     0 | D:1      | Reached XP level 1. HP: 14/14 MP: 1/1
   180 | D:1      | Found a faded altar of an unknown god.
   200 | D:1      | Reached XP level 2. HP: 14/19 MP: 2/2
   473 | D:1      | Reached XP level 3. HP: 22/23 MP: 3/3
  1463 | D:3      | Reached XP level 4. HP: 29/29 MP: 4/4
  1507 | D:3      | Noticed Natasha
  1519 | D:3      | Reached skill level 4 in Fighting
  1520 | D:3      | Killed Natasha
  1521 | D:3      | Reached XP level 5. HP: 20/33 MP: 5/5
  1541 | D:3      | Noticed an ogre
  1550 | D:3      | Killed an ogre
  1679 | D:3      | Noticed a phantom
  1685 | D:3      | Killed a phantom
  1686 | D:3      | Reached XP level 6. HP: 39/39 MP: 6/6
  1973 | D:3      | Noticed Natasha
  1982 | D:3      | Killed Natasha
  2143 | D:4      | Reached skill level 5 in Fighting
  2144 | D:4      | Identified the +1 ring mail of the King of Wands {Drain rC+
                  | rN+ Will+}
  2204 | D:4      | Killed from afar by an orc priest

Illustrated notes

Levels and vault maps discovered:
D:1:      minmay_arrival_hallway, layout_basic,
          hellmonk_ecumenical_altar_dog_temple, minmay_unequal
D:2:      layout_rooms, palyth_stone_intersect
D:3:      layout_basic, uniq_natasha
D:4:      layout_rooms, minmay_temple_entry_nine_rooms, uniq_menkaure

Skill      XL: |  1  2  3  4  5  6 |
---------------+-------------------+-----
Fighting       | 4 5 |  5.0
Armour         | 4 |  4.9
Shields        | 4 |  4.9
Maces & Flails | 3 |  3.9

Action                     |  1- 3 |  4- 6 || total
---------------------------+-------+-------++-------
  Melee: Flail             |    89 |       ||    89
         Mace              |    46 |   111 ||   157
  Throw: Javelin           |       |     2 ||     2
    Use: Potion            |       |     3 ||     3
 Armour: Scale mail        |    72 |    87 ||   159
  Dodge: Dodged            |    58 |    60 ||   118
  Block: Buckler           |    24 |    24 ||    48
